 Dungeon Crawl Stone Soup version 0.30-a0-12-gd8047c6341 (webtiles) character file.

Game seed: 4943309394133793058

18 IdlyInterested the Magician (level 2, -1/22 HPs)
             Began as a Demonspawn Wanderer on Aug 23, 2022.
             Slain by a worm (3 damage)
             ... on level 2 of the Dungeon.
             The game lasted 00:04:53 (1063 turns).

IdlyInterested the Magician (Demonspawn Wanderer)   Turns: 1063, Time: 00:04:53

Health: -1/22      AC:  3    Str:  9    XL:     2   Next: 48%
Magic:  1/6        EV: 11    Int: 15    God:
Gold:   13         SH:  4    Dex: 15    Spells: 6/7 levels left

rFire   . . .      SeeInvis .    f - +0 short sword
rCold   . . .      Faith    .    (no shield)
rNeg    . . .      Spirit   .    d - +0 robe
rPois   .          Reflect  .    (no helmet)
rElec   .          Harm     .    i - +0 cloak
rCorr   .          Rampage  .    (no gloves)
Will    .....                    (no boots)
Stlth   ++........               (no amulet)
HPRegen 0.07/turn                r - +2 ring of dexterity
MPRegen 0.10/turn                (no ring)

@: very slightly contaminated
A: condensation shield
a: no special abilities


You were on level 2 of the Dungeon.
You visited 1 branch of the dungeon, and saw 2 of its levels.

You collected 52 gold pieces.
You spent 39 gold pieces at shops.

Inventory:

Hand Weapons
 a - a +0 dagger
 f - a +0 short sword (weapon)
 q - a +0 spear
Missiles
 j - 8 poisoned darts
Armour
 d - a +0 robe (worn)
 i - a +0 cloak (worn)
Jewellery
 r - a +2 ring of dexterity (left hand)
Scrolls
 b - 3 scrolls of blinking
 c - a scroll of magic mapping {unknown}
 h - 2 scrolls of identify {unknown}
 k - a scroll of enchant weapon {unknown}
 p - a scroll of teleportation {unknown}
Potions
 e - a potion of haste
 g - a potion of magic {unknown}
 l - a potion of brilliance {unknown}
 m - a potion of attraction {unknown}
 n - a potion of invisibility {unknown}
 o - a potion of lignification {unknown}


   Skills:
 * Level 1.7 Fighting
 + Level 2.9 Stealth
 - Level 2.6 Unarmed Combat
 - Level 3.0 Spellcasting
 * Level 1.1 Ice Magic


You had 6 spell levels left.
You knew the following spells:

 Your Spells              Type           Power      Damage    Failure   Level
a - Freeze                Ice            20%        1d4       13%         1

Your spell library contained the following spells:

 Spells                   Type           Power      Damage    Failure   Level
 Frozen Ramparts          Ice            10%        1d2       36%         3


Dungeon Overview and Level Annotations

Branches:
Dungeon (2/15)

Altars:

Shops:
D:1 =


Innate Abilities, Weirdness & Mutations

A meltable shield of frost defends you. (SH +4)


Message History

Press: ? - help, Q - select action, (/) - cycle Shift-Dir - straight line, f - worm
Aim: a worm You freeze the worm.
The worm is lightly wounded.
Aiming: Freeze (safe; 13% risk of failure)
Press: ? - help, Q - select action, (/) - cycle Shift-Dir - straight line, f/p - worm
Aim: a worm (lightly wounded)
You miscast Freeze.
You are very lightly contaminated with residual magic.
Nothing appears to happen.
The worm bites you!
Aiming: Freeze (safe; 13% risk of failure)
Press: ? - help, Q - select action, (/) - cycle Shift-Dir - straight line, f/p - worm
Aim: a worm (lightly wounded)
You freeze the worm.
The worm is lightly wounded.
Unknown command.
Aiming: Freeze (safe; 13% risk of failure)
Press: ? - help, Q - select action, (/) - cycle Shift-Dir - straight line, f/p - worm
Aim: a worm (lightly wounded)
You freeze the worm.
The worm is moderately wounded.
The worm bites you.
Aiming: Freeze (safe; 13% risk of failure)
Press: ? - help, Q - select action, (/) - cycle Shift-Dir - straight line, f/p - worm
Aim: a worm (moderately wounded)
You freeze the worm.
The worm is heavily wounded.
The worm bites you!
* * * LOW HITPOINT WARNING * * *
You barely miss the worm.
The worm is moderately wounded.
You hit the worm.
The worm is heavily wounded.
You block the worm's attack.
Okay, then.
You hit the worm.
The worm is severely wounded.
The worm bites you.
You die...

##### #.w@#
......#........
..... .........
.### ########..


You could see a worm.

Vanquished Creatures
  5 bats (D:1)
  2 endoplasms (D:1)
  A giant cockroach (D:1)
  A goblin (D:1)
  A quokka (D:1)
  A ball python (D:1)
  A frilled lizard (D:1)
  2 kobolds (D:1)
  4 rats (D:1)
18 creatures vanquished.

Notes
Turn   | Place    | Note
-------+----------+-------------------------------------------
     0 | D:1      | IdlyInterested the Demonspawn Wanderer began the quest for
                  | the Orb.
     0 | D:1      | IdlyInterested set off with the following items: a +0
                  | dagger, 2 scrolls of blinking, a +0 cloak, a +0 robe, a
                  | potion of haste; and the following spell memorised: Freeze;
                  | and the following spells available to memorise: Frozen
                  | Ramparts.
     0 | D:1      | Reached XP level 1. HP: 15/15 MP: 4/4
   287 | D:1      | Gained mutation: A meltable shield of frost defends you.
                  | (SH +4) [demonic ancestry]
   287 | D:1      | Reached XP level 2. HP: 18/21 MP: 3/6
   321 | D:1      | Found Simelyla's One-of-a-Kind Rings.
   383 | D:1      | Reached skill level 1 in Ice Magic
   484 | D:1      | Found a faded altar of an unknown god.
  1000 | D:1      | Bought a +2 ring of dexterity for 39 gold pieces
  1060 | D:2      | HP: 1/22 [worm (9)]
  1063 | D:2      | Slain by a worm

Illustrated notes

Levels and vault maps discovered:
D:1:      dpeg_arrival_signposts, layout_rooms, basic_ecumenical_altar,
          interstate_on_off, nrook_loot_triangle, nicolae_shop_unique_rings
D:2:      layout_loops_ring

Skill      XL: |  1  2 |
---------------+-------+-----
Ice Magic      | 1 |  1.1
Fighting       | |  1.7
Stealth        | |  2.9
Unarmed Combat | |  2.6
Spellcasting   | |  3.0

Action                   || total
-------------------------++-------
Melee: Dagger            ||     3
       Punch             ||     1
       Short sword       ||     6
Throw: Dart              ||     3
 Cast: Freeze            ||    29
 Stab: Sleeping          ||     3
Armor: Robe              ||     7
Dodge: Dodged            ||    14
Block: Other             ||     2

Table legend: (Time is in decaauts)
 A = Elapsed time spent in this place.
 B = Non-inter-level travel time spent in this place.
 C = Inter-level travel time spent in this place.
 D = Time resting spent in this place.
 E = Time spent auto-exploring this place.
 F = Levels seen in this place.
 G = Mean time per level.
                   A        B        C        D        E       F      G
               +--------+--------+--------+--------+--------+-----+--------+
         Total |   1062 |    973 |     89 |    231 |    496 |   2 |  531.0 |
       Dungeon |   1062 |    973 |     89 |    231 |    496 |   2 |  531.0 |
               +--------+--------+--------+--------+--------+-----+--------+

Top non-repeatable levels by time:
     D:1: 1047 daAuts
     D:2: 14 daAuts
